 Dungeon Crawl Stone Soup version 0.25-a0-277-g7046ed1b37 (webtiles) character file.

Game seed: 5381176439993862575, levelgen mode: deterministic

2095 D1HalberdGnoll the Prestidigitator (level 9, -1/61 HPs)
             Began as a Human Artificer on Dec 9, 2019.
             Was an Initiate of Hepliaklqana.
             Slain by Harold
             ... wielding a +2 vampiric halberd
              (4 damage)
             ... on level 7 of the Dungeon.
             The game lasted 00:11:36 (8145 turns).

D1HalberdGnoll the Prestidigitator (HuAr)           Turns: 8145, Time: 00:11:36

Health: -1/61      AC: 13    Str: 16    XL:     9   Next: 52%
Magic:  15/15      EV: 10    Int: 12    God:    Hepliaklqana [......]
Gold:   323        SH:  7    Dex: 18    Spells: 8/8 levels left

rFire    . . .     SeeInvis .   b - +1 hand axe (chop)
rCold    . . .     Gourm    .   x - +0 shield
rNeg     . . .     Faith    .   n - +2 chain mail {rPois}
rPois    +         Spirit   .   (no helmet)
rElec    .         Reflect  .   (no cloak)
rCorr    .         Harm     .   (no gloves)
MR       .....                  B - +0 pair of boots
Stlth    ..........             (no amulet)
HPRegen  0.20/turn              (no ring)
MPRegen  0.14/turn              (no ring)

@: agile, invisible
A: reduced essence
a: Recall Ancestor, Ancestor Identity, Renounce Religion


You were on level 7 of the Dungeon.
You worshipped Hepliaklqana.
Hepliaklqana was noncommittal.
You were not hungry.

You visited 2 branches of the dungeon, and saw 8 of its levels.

You collected 323 gold pieces.

Inventory:

Hand Weapons
 b - a +1 hand axe of chopping (weapon)
Missiles
 q - 15 poisoned darts (quivered)
Armour
 n - a +2 chain mail of poison resistance (worn)
 x - a +0 shield (worn)
 B - a +0 pair of boots (worn)
Jewellery
 p - an uncursed ring of ice {unknown}
Wands
 c - a wand of flame (4)
 d - a wand of enslavement (10)
 e - a wand of random effects (6)
 y - a wand of digging (6)
Scrolls
 a - a scroll of fog
 i - 3 scrolls of identify
 l - 2 scrolls of teleportation
 m - 2 scrolls of enchant weapon {unknown}
 o - a scroll of enchant armour
 s - 4 scrolls of remove curse
 t - 2 scrolls of magic mapping {unknown}
 A - a scroll of amnesia {unknown}
Potions
 g - a potion of heal wounds
 h - a potion of agility
 j - 2 potions of curing {unknown}
 k - a potion of resistance {unknown}
 u - 2 potions of degeneration {unknown}
 v - 4 potions of lignification {unknown}
 w - 3 potions of might {unknown}
 z - a potion of brilliance {unknown}
Comestibles
 f - 3 rations
 C - a chunk of flesh


   Skills:
 + Level 5.3 Fighting
   Level 1.3 Short Blades
 + Level 5.0 Axes
 + Level 5.1 Armour
 - Level 2.0 Dodging
 - Level 1.0 Stealth
 * Level 8.1 Evocations


You had 8 spell levels left.
You didn't know any spells.
Your spell library was empty.

Dungeon Overview and Level Annotations

Branches:
Dungeon (7/15)             Temple (1/1) D:5

Altars:
Ashenzari
Cheibriados
Dithmenos
Elyvilon
Fedhas
Gozag
Hepliaklqana
Kikubaaqudgha
Makhleb
Nemelex Xobeh
Okawaru
Qazlal
Ru
Sif Muna
Trog
Uskayaw
Vehumet
Wu Jian
Xom
Yredelemnul
Zin
The Shining One

Shops:
D:5 [   D:6 (

Annotations:
D:3 1 runed translucent door, Crazy Yiuf
D:7 Harold


Message History

Something hits you!
Gaius hits something but does no damage.
You feel agile all of a sudden. Something hits you!
* * * LOW HITPOINT WARNING * * *
Gaius hits something.
You feel much better.
Gaius hits something.
Something hits you!
* * * LOW HITPOINT WARNING * * *
Evoke which item? (* to show all) (? for menu, Esc to quit)
Aiming: Random Effects
Press: ? - help, Shift-Dir - straight line Nothing appears to happen.
Gaius hits something but does no damage.
You hit something. Something hits you!
* * * LOW HITPOINT WARNING * * *
Gaius barely misses something.
It was a potion of invisibility.
You fade into invisibility!
Something hits you.
You die...

#######........#
#..............#
#.####.........#
#.#..#.........#
#....#.........#
#....#.........#
#....#.........#
#....#.###'#####
#@...#.# .#
#{R..# #....#
#....# #....#
#....# ..[...
#..####


You could see the friendly Gaius the ancestor.

Vanquished Creatures
  3 yaks (D:5)
  Edmund (D:4)
  A phantom (D:6)
  2 ogres
  A centaur (D:6)
  3 bullfrogs
  2 scorpions
  A crimson imp (D:5)
  3 orc priests (D:3)
  A bullfrog skeleton (D:4)
  A hound (D:5)
  An orc wizard (D:3)
  An iguana (D:7)
  Terence (D:3)
  A worker ant (D:4)
  A hound skeleton (D:5)
  8 adders
  2 shadow imps
  An adder skeleton (D:4)
  5 dart slugs
  A leopard gecko (D:2)
  14 orcs
  7 giant cockroaches
  5 goblins
  9 hobgoblins
  5 jackals
  13 kobolds
  A quokka (D:4)
  3 ball pythons
  5 bats (D:2)
  5 frilled lizards
  A leopard gecko skeleton (D:4)
  9 rats
118 creatures vanquished.

Vanquished Creatures (collateral kills)
  A necrophage (D:6)
  A centaur (D:7)
  2 ogres
  A big kobold (D:7)
  An orc priest (D:6)
  2 orc wizards (D:6)
  2 adders
  An orc (D:3)
  2 kobolds (D:7)
  A quokka (D:6)
  A quokka zombie (D:6)
15 creatures vanquished.

Vanquished Creatures (others)
  A yak (D:5)
  An orc wizard (D:3)
  2 ancestors
  An adder (D:2)
  An orc (D:3)
6 creatures vanquished.

Grand Total: 139 creatures vanquished

Notes
Turn   | Place    | Note
-------+----------+-------------------------------------------
     0 | D:1      | D1HalberdGnoll the Human Artificer began the quest for the
                  | Orb.
     0 | D:1      | Reached XP level 1. HP: 15/15 MP: 3/3
   377 | D:1      | Reached XP level 2. HP: 21/21 MP: 4/4
  1025 | D:2      | Reached XP level 3. HP: 14/26 MP: 5/5
  1182 | D:2      | Reached skill level 1 in Armour
  1412 | D:2      | Reached XP level 4. HP: 20/33 MP: 6/6
  1642 | D:2      | Reached skill level 1 in Axes
  2118 | D:3      | Reached skill level 4 in Evocations
  2136 | D:3      | HP: 1/33 [orc priest/divine providence (17)]
  2145 | D:3      | Reached XP level 5. HP: 35/38 MP: 8/8
  2399 | D:3      | Found a faded altar of an unknown god.
  2628 | D:3      | Reached XP level 6. HP: 6/46 MP: 9/9
  3505 | D:3      | Noticed Terence
  3741 | D:3      | Killed Terence
  3988 | D:3      | Found a runed translucent door.
  3989 | D:3      | Noticed Crazy Yiuf
  4091 | D:4      | Reached skill level 5 in Evocations
  4248 | D:4      | Noticed an ogre
  4264 | D:4      | Killed an ogre
  4264 | D:4      | Reached XP level 7. HP: 44/52 MP: 10/10
  4482 | D:4      | Found a shimmering altar of Xom.
  4536 | D:4      | Noticed Edmund
  4561 | D:4      | Killed Edmund
  4972 | D:4      | Found a bloodstained altar of Trog.
  5122 | D:5      | Entered Level 5 of the Dungeon
  5157 | D:5      | Found Asuog's Antique Armour Shop.
  5467 | D:5      | Found a staircase to the Ecumenical Temple.
  5521 | D:5      | Reached XP level 8. HP: 45/59 MP: 12/12
  5527 | D:5      | Reached skill level 6 in Evocations
  5609 | Temple   | Entered the Ecumenical Temple
  5888 | Temple   | Became a worshipper of Hepliaklqana the Forgotten
  5931 | D:5      | Noticed a yak
  5934 | D:5      | Noticed a yak
  5940 | D:5      | Noticed a yak
  5940 | D:5      | Noticed a yak
  5948 | D:5      | Killed a yak
  5973 | D:5      | Killed a yak
  6339 | D:5      | Killed a yak
  6729 | D:6      | Reached skill level 7 in Evocations
  7004 | D:6      | Found Edumafow's Antique Weapon Emporium.
  7043 | D:6      | Reached XP level 9. HP: 30/59 MP: 14/14
  7546 | D:6      | Reached skill level 5 in Fighting
  8057 | D:7      | Reached skill level 5 in Armour
  8057 | D:7      | Reached skill level 8 in Evocations
  8086 | D:7      | Reached skill level 5 in Axes
  8129 | D:7      | Noticed Harold
  8144 | D:7      | HP: 2/61 [something (13)]
  8145 | D:7      | Slain by Harold

Levels and vault maps discovered:
D:1:      minmay_arrival_widening_spiral_wide, layout_basic, serial_park_tiny_1,
          nrook_loot_triangle
D:2:      layout_loops_ring, kennysheep_cross_room
D:3:      layout_rooms, chequers_ecumenical_altar_simple_redux, uniq_terence,
          uniq_crazy_yiuf_cottage
D:4:      layout_gridville, lemuel_coloured_pillars_altar, first_ration,
          xom_teletrap_fun, uniq_edmund
D:5:      layout_basic, minmay_temple_entry_tees, serial_shops, shop
D:6:      layout_loops_cross, serial_shops, nicolae_shop_trees,
          hangedman_decor_lopped
D:7:      layout_basic, serial_shops, nicolae_shop_behind_doors,
          grunt_ogre_cave, uniq_harold
Temple:   nicolae_temple_the_god_donut

Skill      XL: |  1  2  3  4  5  6  7  8  9 |
---------------+----------------------------+-----
Armour         | 1 2 3 4 5 |  5.1
Axes           | 1 2 3 4 5 |  5.0
Fighting       | 2 3 4 5 |  5.3
Evocations     | 4 5 7 8 |  8.1
Short Blades   | |  1.3
Dodging        | |  2.0
Stealth        | |  1.0

Action                   |  1- 3 |  4- 6 |  7- 9 || total
-------------------------+-------+-------+-------++-------
Melee: Short sword       |    45 |       |       ||    45
       Hand axe          |    61 |   160 |   242 ||   463
Throw: Dart              |       |    12 |    19 ||    31
Invok: Ancestor Identity |       |       |     1 ||     1
       Recall Ancestor   |       |       |     1 ||     1
Evoke: Wand              |     1 |    15 |     9 ||    25
  Use: Potion            |       |     3 |     3 ||     6
       Scroll            |       |     7 |     2 ||     9
 Stab: Sleeping          |     1 |     1 |       ||     2
       Confused          |       |     1 |       ||     1
  Eat: Chunk             |     2 |     6 |     9 ||    17
       Ration            |       |     1 |     1 ||     2
Armor: Leather armour    |    35 |    38 |       ||    73
       Chain mail        |       |     1 |   140 ||   141
Dodge: Dodged            |    69 |    77 |    58 ||   204
Block: Shield            |       |    39 |    99 ||   138

Table legend:
 A = Non-vault XP
 B = Vault XP
 C = Vault XP percentage of total XP
 D = Non-vault monster count
 E = Vault monster count
 F = Vault count percentage of total count
                 A         B        C        D         E       F
            +---------+---------+-------+---------+---------+-------
      Total |    2800 |     193 |   6.4 |     131 |       2 |   1.5
            +---------+---------+-------+---------+---------+-------
        D:1 |      20 |       0 |   0.0 |      12 |       0 |   0.0
        D:2 |      94 |       0 |   0.0 |      35 |       0 |   0.0
        D:3 |     296 |      36 |  10.8 |      34 |       1 |   2.9
        D:4 |     233 |     157 |  40.3 |      13 |       1 |   7.1
        D:5 |     841 |       0 |   0.0 |      10 |       0 |   0.0
        D:6 |     836 |       0 |   0.0 |      15 |       0 |   0.0
        D:7 |     480 |       0 |   0.0 |      12 |       0 |   0.0
            +---------+---------+-------+---------+---------+-------
